 Dungeon Crawl Stone Soup version 0.28-a0-529-g3bad584f25 (webtiles) character file.

Game seed: 7647128679086763832

2446 senseless the Chopper (level 9, 0/79 HPs)
             Began as a Hill Orc Fighter on Sept 24, 2021.
             Was an Initiate of Qazlal.
             Slain by a centaur (5 damage)
             ... on level 7 of the Dungeon.
             The game lasted 00:16:13 (5774 turns).

senseless the Chopper (Hill Orc Fighter)            Turns: 5774, Time: 00:16:14

Health: 0/79       AC: 24    Str: 22    XL:     9   Next: 49%
Magic:  14/14      EV:  6    Int: 14    God:    Qazlal [......]
Gold:   317        SH: 10    Dex: 10    Spells: 7/8 levels left

rFire   . . .      SeeInvis .   a - +3 war axe
rCold   . . .      Faith    .   c - +0 buckler
rNeg    . . .      Spirit   .   q - +0 plate armour
rPois   .          Reflect  +   u - +2 helmet
rElec   .          Harm     .   p - +0 cloak
rCorr   .          Rampage  .   v - +0 pair of gloves
Will    .....                   w - +0 pair of boots
Stlth   ..........              e - amulet of reflection
HPRegen 0.23/turn               t - +4 ring of protection
MPRegen 0.14/turn               m - +6 ring of intelligence

@: no status effects
A: no striking features
a: Renounce Religion


You were on level 7 of the Dungeon.
You worshipped Qazlal.
Qazlal was noncommittal.
You visited 2 branches of the dungeon, and saw 9 of its levels.

You collected 317 gold pieces.

Inventory:

Hand Weapons
 a - a +3 war axe (weapon)
Missiles
 s - 45 poisoned darts
Armour
 c - a +0 buckler (worn)
 p - a +0 cloak (worn)
 q - a +0 plate armour (worn)
 u - a +2 helmet (worn)
 v - a +0 pair of gloves (worn)
 w - a +0 pair of boots (worn)
 A - a +2 ring mail of cold resistance
Magical Staves
 o - a staff of conjuration
Jewellery
 e - an amulet of reflection (around neck)
 m - a +6 ring of intelligence (right hand)
 t - a +4 ring of protection (left hand)
Wands
 b - a wand of flame (73) (quivered)
 y - a wand of polymorph (13)
 z - a wand of digging (7)
Scrolls
 f - 3 scrolls of teleportation
 h - 2 scrolls of blinking
 i - a scroll of silence
 E - a scroll of amnesia
Potions
 d - 2 potions of cancellation
 g - a potion of haste
 j - a potion of attraction
 k - a potion of lignification {unknown}
 n - 2 potions of mutation {unknown}
 r - a potion of experience {unknown}
 x - a potion of resistance {unknown}


   Skills:
 * Level 7.6 Fighting
 * Level 7.8 Axes
 * Level 6.9 Armour
 + Level 6.5 Shields
 * Level 7.2 Invocations
 + Level 1.6 Evocations


You had 7 spell levels left.
You knew the following spells:

 Your Spells              Type           Power      Damage    Failure   Level
a - Magic Dart            Conj           0%         1d3       99%         1

Your spell library contained the following spells:

 Spells                   Type           Power      Damage    Failure   Level
 Sandblast                Erth           0%         2d4       99%         1
 Call Imp                 Summ           0%         N/A       100%        2
 Corpse Rot               Necr/Air       N/A        N/A       100%        2
 Passwall                 Tmut/Erth      0%         N/A       100%        2
 Poisonous Vapours        Pois/Air       0%         N/A       100%        2
 Mephitic Cloud           Conj/Pois/Air  0%         N/A       100%        3
 Stone Arrow              Conj/Erth      0%         3d7       100%        3
 Swiftness                Air            0%         N/A       100%        3
 Fulminant Prism          Conj/Hex       0%         3d6       100%        4
 Iskenderun's Mystic Bla  Conj/Tloc      0%         2d3       100%        4
 Blade Hands              Tmut           0%         N/A       100%        5
 Irradiate                Conj/Tmut      0%         3d13      100%        5
 Lee's Rapid Deconstruct  Erth           0%         3d5*      100%        5
 Invisibility             Hex            0%         N/A       100%        6
 Dragon Form              Tmut           0%         N/A       100%        7


Dungeon Overview and Level Annotations

Branches:
Dungeon (8/15)             Temple (1/1) D:6
   Lair: D:8-11

Altars:
Gozag
Kikubaaqudgha
Qazlal
Sif Muna
Uskayaw
Zin


Message History

The centaur kicks you but does no damage.
The centaur barely misses you. x2
You slash the centaur!
The centaur is severely wounded.
The centaur hits you but does no damage.
The centaur kicks you. The centaur hits you with a +0 glaive.
* * * LOW HITPOINT WARNING * * *
The centaur kicks you but does no damage.
The centaur hits you with a +0 glaive!
* * * LOW HITPOINT WARNING * * *
The centaur kicks you but does no damage.
You feel much better. The centaur closely misses you.
The centaur kicks you but does no damage.
You block the centaur's attack.
The centaur kicks you but does no damage.
You hit the centaur.
The centaur is severely wounded.
The centaur hits you with a +0 glaive!
* * * LOW HITPOINT WARNING * * *
You block the centaur's attack.
The centaur hits you but does no damage.
The centaur kicks you but does no damage.
The centaur closely misses you.
The centaur kicks you but does no damage.
You feel much better. The centaur hits you with a +0 glaive!
You block the centaur's attack. The centaur hits you with a +0 glaive!
* * * LOW HITPOINT WARNING * * *
The centaur kicks you.
* * * LOW HITPOINT WARNING * * *
You hit the centaur.
The centaur is severely wounded.
You block the centaur's attack. x2; The centaur barely misses you.
The centaur kicks you but does no damage.
The centaur hits you with a +0 glaive!
* * * LOW HITPOINT WARNING * * *
The centaur kicks you but does no damage.
You hit the centaur.
The centaur is severely wounded.
The centaur hits you with a +0 glaive.
You die...

.........#
.........#
.........#
.........#
.....)...#
.........#
.........###
........hc.#
.........#@#
.........#.#
.........#.#
.........#.#
#####'####.#
#.####.#
#.#....#
#.########
#.#......#


You could see a black bear and a centaur (berserk).

Vanquished Creatures
  Pikel (D:7)
  Grinder (D:5)
  Sigmund (D:5)
  An orc warrior (D:6)
  A black bear (D:5)
  2 ice beasts (D:6)
  A necrophage (D:6)
  An ogre (D:7)
  A centaur (D:5)
  A phantom (D:5)
  A kobold brigand (D:4)
  3 scorpions
  A wyvern skeleton (D:5)
  A howler monkey (D:4)
  2 centaur skeletons (D:6)
  3 hounds
  Ijyb (D:5)
  6 iguanas
  A scorpion zombie (D:5)
  A killer bee zombie (D:8)
  A hound zombie (D:5)
  A hound skeleton (D:4)
  7 adders
  2 ufetubi
  4 worms
  A dart slug (D:2)
  4 orcs
  7 endoplasms
  2 giant cockroaches
  8 hobgoblins
  6 jackals
  6 kobolds
  3 quokkas
  4 ball pythons
  4 bats
  4 frilled lizards (D:1)
  7 goblins
  4 rats
106 creatures vanquished.

Vanquished Creatures (others)
  9 plants (D:6)
9 creatures vanquished.

Grand Total: 115 creatures vanquished

Notes
Turn   | Place    | Note
-------+----------+-------------------------------------------
     0 | D:1      | senseless the Hill Orc Fighter began the quest for the Orb.
     0 | D:1      | Reached XP level 1. HP: 19/19 MP: 1/1
    86 | D:1      | Reached XP level 2. HP: 27/27 MP: 2/2
   384 | D:1      | Reached skill level 1 in Invocations
   506 | D:1      | Learned a level 1 spell: Magic Dart
   693 | D:1      | Reached XP level 3. HP: 33/33 MP: 3/3
  1151 | D:2      | Reached XP level 4. HP: 34/40 MP: 5/5
  1811 | D:3      | Found a faded altar of an unknown god.
  1956 | D:3      | Reached XP level 5. HP: 23/47 MP: 6/6
  2636 | D:4      | Noticed a kobold brigand
  2653 | D:4      | Killed a kobold brigand
  2654 | D:4      | Reached XP level 6. HP: 38/55 MP: 8/8
  2979 | D:4      | Reached skill level 5 in Fighting
  2982 | D:4      | Found a glowing silver altar of Zin.
  3060 | D:4      | Found an ancient bone altar of Kikubaaqudgha.
  3475 | D:5      | Entered Level 5 of the Dungeon
  3519 | D:5      | Reached XP level 7. HP: 61/61 MP: 8/10
  3544 | D:5      | Reached skill level 5 in Axes
  3546 | D:5      | Reached skill level 5 in Armour
  3546 | D:5      | Reached skill level 5 in Shields
  3609 | D:5      | Noticed Sigmund
  3630 | D:5      | Killed Sigmund
  3741 | D:5      | Found a shimmering blue altar of Sif Muna.
  3825 | D:5      | Found a hide-covered altar of Uskayaw.
  3860 | D:5      | Reached XP level 8. HP: 62/70 MP: 11/11
  3942 | D:5      | Reached skill level 5 in Invocations
  4016 | D:5      | Noticed Ijyb
  4037 | D:5      | Killed Ijyb
  4378 | D:5      | Found an opulent altar of Gozag.
  4383 | D:5      | Noticed Grinder
  4393 | D:5      | Killed Grinder
  4507 | D:5      | You fall into a shaft and drop 3 floors!
  4822 | D:6      | Found a staircase to the Ecumenical Temple.
  4830 | Temple   | Entered the Ecumenical Temple
  4863 | Temple   | Became a worshipper of Qazlal Stormbringer
  5242 | D:6      | Reached XP level 9. HP: 79/79 MP: 13/13
  5418 | D:6      | Reached skill level 1 in Evocations
  5713 | D:7      | Noticed Pikel
  5737 | D:7      | Killed Pikel
  5774 | D:7      | Slain by a centaur

Illustrated notes

Levels and vault maps discovered:
D:1:      minmay_arrival_three_doors, layout_loops_ring, minivault_11,
          minmay_indecisive_spiral
D:2:      layout_loops_ring, minmay_fountain_box
D:3:      layout_rooms, dreamdust_ecumenical_altar_hidden_monk_grotto,
          hangedman_decor_slide_cut, minmay_stone_trees_small
D:4:      layout_basic, general_overflow_altar, mainiacjoe_overflow_paths
D:5:      layout_layer_cave, lemuel_round_altar,
          mainiacjoe_overflow_small_starburst, marbit_many_paths, uniq_grinder,
          uniq_sigmund, uniq_ijyb
D:6:      layout_gridville, minmay_temple_entry_statues_pillars,
          serial_bayou_lagoon_a
D:7:      minmay_the_grid_octo_2x2 [minmay_the_grid_octo_pinwheel,
          minmay_the_grid_octo_focus, minmay_the_grid_octo_fan_narrow,
          minmay_the_grid_octo_prize_single_spiral], layout_basic, uniq_pikel,
          uniq_harold, uniq_prince_ribbit1
D:8:      layout_loops_ring, lair_entry_dummy, kennysheep_minor_cross
Temple:   minmay_temple_curvy_loop

Skill      XL: |  1  2  3  4  5  6  7  8  9 |
---------------+----------------------------+-----
Axes           | 3 4 5 7 |  7.8
Invocations    | 1 2 3 4 6 7 |  7.2
Fighting       | 4 5 7 |  7.6
Armour         | 4 5 6 |  6.9
Shields        | 4 5 6 |  6.5
Evocations     | 1 |  1.6

Action                   |  1- 3 |  4- 6 |  7- 9 || total
-------------------------+-------+-------+-------++-------
Melee: War axe           |    69 |   122 |   199 ||   390
Evoke: Wand              |       |       |     6 ||     6
  Use: Scroll            |       |    11 |     9 ||    20
       Potion            |       |       |     3 ||     3
Armor: Scale mail        |    34 |       |       ||    34
       Plate armour      |       |    91 |   159 ||   250
Dodge: Dodged            |    36 |    30 |    62 ||   128
Block: Buckler           |    13 |    37 |   118 ||   168
       Reflection        |       |       |     1 ||     1

Table legend: (Time is in decaauts)
 A = Elapsed time spent in this place.
 B = Non-inter-level travel time spent in this place.
 C = Inter-level travel time spent in this place.
 D = Time resting spent in this place.
 E = Time spent auto-exploring this place.
 F = Levels seen in this place.
 G = Mean time per level.
                   A        B        C        D        E       F      G
               +--------+--------+--------+--------+--------+-----+--------+
         Total |   5878 |   5640 |    238 |    196 |   4383 |   9 |  653.1 |
       Dungeon |   5812 |   5606 |    206 |    196 |   4359 |   8 |  726.5 |
        Temple |     66 |     34 |     32 |      0 |     24 |   1 |   66.0 |
               +--------+--------+--------+--------+--------+-----+--------+

Top non-repeatable levels by time:
     D:5: 1175 daAuts
     D:3: 992 daAuts
     D:4: 915 daAuts
     D:6: 874 daAuts
     D:1: 859 daAuts
     D:2: 765 daAuts
     D:7: 144 daAuts
     D:8: 85 daAuts
  Temple: 66 daAuts
